 Dungeon Crawl Stone Soup version 0.19-a0-767-gecb35b1 (webtiles) character file.

106 TheGoonsmith the Magician (level 4, -1/24 HPs)
             Began as a Deep Elf Fire Elementalist on June 25, 2016.
             Was an Initiate of Vehumet.
             Slain by a gnoll
             ... wielding a +0 spear
              (4 damage)
             ... on level 3 of the Dungeon.
             The game lasted 00:02:57 (1887 turns).

TheGoonsmith the Magician (DEFE)                    Turns: 1887, Time: 00:02:58

Health: -1/24      AC:  3    Str:  5    XL:     4   Next: 55%
Magic:  6/11       EV: 13    Int: 21    God:    Vehumet [......]
Gold:   186        SH:  4    Dex: 15    Spells: 1 memorised, 9 levels left

rFire  . . .     SeeInvis .     q - +0 morningstar
rCold  . . .     Gourm    .     a - +0 robe
rNeg   . . .     Faith    .     r - +0 buckler
rPois  .         Spirit   .     (no helmet)
rElec  .         Dismiss  .     (no cloak)
rCorr  .         Reflect  .     (no gloves)
SustAt .         Harm     .     f - +0 pair of boots
MR     .....                    (no amulet)
Stlth  ++........               (no ring)
                                (no ring)

@: not resistant to hostile enchantments, unstealthy
A: no striking features
a: Renounce Religion


You were on level 3 of the Dungeon.
You worshipped Vehumet.
Vehumet was noncommittal.
You were not hungry.

You visited 1 branch of the dungeon, and saw 3 of its levels.

You collected 186 gold pieces.

Inventory:

Hand Weapons
 e - a +0 whip
 q - a +0 morningstar (weapon)
Armour
 a - a +0 robe (worn)
 f - a +0 pair of boots (worn)
 r - a +0 buckler (worn)
Scrolls
 d - a scroll of fear {unknown}
 g - 5 scrolls of identify {unknown}
 i - a scroll of recharging {unknown}
 j - a scroll of fog {unknown}
 p - a scroll of noise {unknown}
Potions
 k - a potion of curing {unknown}
 l - a potion of flight {unknown}
 m - a potion of heal wounds {unknown}
 n - 2 potions of degeneration {unknown}
Books
 b - a book of Flames

   Spells                             Type                      Level
   a - Flame Tongue                   Conjuration/Fire             1
   b - Throw Flame                    Conjuration/Fire             2
   c - Conjure Flame                  Conjuration/Fire             3
   d - Inner Flame                    Hexes/Fire                   3
   e - Sticky Flame                   Conjuration/Fire             4
   f - Fireball                       Conjuration/Fire             5
 o - Kikubaaqudgha's Handbook of Evil Rituals
   (You found it on level 2 of the Dungeon)

   Spells                             Type                      Level
   a - Pain                           Necromancy                   1
Comestibles
 c - 2 bread rations
 h - a beef jerky
 s - 3 chunks of flesh


   Skills:
 - Level 3.4 Dodging
 - Level 2.4 Stealth
 * Level 0.5 Shields
 + Level 3.9 Spellcasting
 * Level 3.2 Conjurations
 + Level 3.6 Fire Magic


You had 9 spell levels left.
You knew the following spells:

 Your Spells              Type           Power        Failure   Level  Hunger
a - Flame Tongue          Conj/Fire      ###..        6%          1    None


Dungeon Overview and Level Annotations

Branches:
Dungeon (3/15)

Altars:
Dithmenos
Fedhas
Kikubaaqudgha
Qazlal
Sif Muna
Vehumet
Zin


Message History

The gnoll barely misses you. The gnoll hits you but does no damage.
You see here 14 poisoned needles.
Casting: Flame Tongue
Confirm with . or Enter, or press ? or * to list all spells.
Aiming: Flame Tongue
Press: ? - help, Shift-Dir - straight line, f - gnoll
Aim: a gnoll, wielding a club The flame tongue hits the gnoll.
The gnoll is heavily wounded.
The gnoll barely misses you.
The gnoll hits you from afar with a spear!
* * * LOW HITPOINT WARNING * * *
Casting: Flame Tongue
Confirm with . or Enter, or press ? or * to list all spells.
Aiming: Flame Tongue
Press: ? - help, Shift-Dir - straight line, f/p - gnoll
Aim: a gnoll, wielding a club (heavily wounded)
The flame tongue misses the gnoll.
The gnoll hits you from afar with a spear.
You die...

.. #.#
#...##........#
#.##.#
#...''........# ..#.#
#...##........# #.#.#
#...####'###### #
...# ##.....#.# #
#..# #####)#.# # #..#
#.#.# #
#..#########.#.# #
#.>ggg@....).#.# #
##############[# #
#.#
#####################
#.#
.........(..........#
#.#
###################.#
#.# #.# #.# #.# #.#
#.####.#


You could see 3 gnolls.

Vanquished Creatures
  An orc priest (D:3)
  3 adders
  An ooze (D:2)
  A worm (D:2)
  3 giant geckos
  5 orcs
  A giant cockroach (D:1)
  3 goblins
  4 hobgoblins
  A jackal (D:2)
  8 kobolds
  A ball python (D:2)
  A bat (D:1)
  4 giant newts
  3 rats (D:2)
40 creatures vanquished.

Vanquished Creatures (others)
  A jackal (D:2)
1 creature vanquished.

Grand Total: 41 creatures vanquished

Notes
Turn   | Place    | Note
--------------------------------------------------------------
     0 | D:1      | TheGoonsmith the Deep Elf Fire Elementalist began the quest for the Orb.
     0 | D:1      | Reached XP level 1. HP: 10/10 MP: 6/6
   198 | D:1      | Reached XP level 2. HP: 15/15 MP: 4/8
   694 | D:2      | Reached XP level 3. HP: 17/19 MP: 8/10
   748 | D:2      | Found a stormy altar of Qazlal.
   991 | D:2      | Found a blossoming altar of Fedhas.
  1001 | D:2      | Found a stormy altar of Qazlal.
  1038 | D:2      | Found a shadowy altar of Dithmenos.
  1038 | D:2      | Found a glowing silver altar of Zin.
  1329 | D:2      | Found an ancient bone altar of Kikubaaqudgha.
  1329 | D:2      | Found a deep blue altar of Sif Muna.
  1330 | D:2      | Found a radiant altar of Vehumet.
  1333 | D:2      | Identified Kikubaaqudgha's Handbook of Evil Rituals
  1343 | D:2      | Became a worshipper of Vehumet
  1739 | D:3      | Reached XP level 4. HP: 24/24 MP: 7/11
  1887 | D:3      | Slain by a gnoll

Vault maps used:
D:1:      dpeg_arrival_arbitrary_c
D:2:      grunt_temple_overflow_magic_moments,
          grunt_temple_overflow_forces_of_nature,
          gammafunk_temple_overflow_wave, grunt_qazlal_clouds
D:3:      makhleb_grotto_becter, grunt_ministairs_9

Skill      XL: |  1  2  3  4 |
---------------+-------------+-----
Conjurations   | 2 3 |  3.2
Dodging        | 3 |  3.4
Stealth        | |  2.4
Shields        | |  0.5
Spellcasting   | |  3.9
Fire Magic     | |  3.6

Action                   |  1- 3 |  4- 6 || total
-------------------------+-------+-------++-------
 Cast: Flame Tongue      |    65 |    13 ||    78
  Eat: Chunk             |     2 |     1 ||     3
Armor: Robe              |     1 |     1 ||     2
Dodge: Dodged            |    14 |     5 ||    19
Block: Buckler           |       |     1 ||     1
